 Dungeon Crawl Stone Soup version 0.25.1-2-g60ff931df9 (webtiles) character file.

Game seed: 1968144883057383009

5656 Curus the Cruncher (level 10, -8/136 HPs)
             Began as a Minotaur Gladiator on Oct 24, 2020.
             Was a Priest of Trog.
             Killed from afar by an electric eel (10 damage)
             ... with a bolt of electricity
             ... on level 9 of the Dungeon.
             The game lasted 00:41:52 (11972 turns).

Curus the Cruncher (Minotaur Gladiator)            Turns: 11972, Time: 00:41:53

Health: -8/136     AC:  5    Str: 19    XL:     10   Next: 46%
Magic:  9/9        EV: 16    Int:  7    God:    Trog [***...]
Gold:   473        SH:  0    Dex: 13    Spells: 9/9 levels left

rFire    . . .     SeeInvis .   a - +3 quarterstaff
rCold    + . .     Gourm    .   (shield currently unavailable)
rNeg     . . .     Faith    .   b - +0 leather armour
rPois    .         Spirit   .   c - +1 hat
rElec    .         Reflect  .   s - +0 cloak
rCorr    +         Harm     .   (no gloves)
MR       ++...                  (no boots)
Stlth    ..........             (no amulet)
HPRegen  1.32/turn              i - ring of protection from cold
MPRegen  0.11/turn              q - ring of resist corrosion

@: berserking, starving, regenerating, very quick
A: retaliatory headbutt, horns 2
a: Berserk, Trog's Hand, Renounce Religion


You were on level 9 of the Dungeon.
You worshipped Trog.
Trog was most pleased with you.
You were starving.

You visited 2 branches of the dungeon, and saw 10 of its levels.

You collected 473 gold pieces.

Inventory:

Hand Weapons
 a - a +3 quarterstaff (weapon)
Missiles
 d - 6 throwing nets (quivered)
Armour
 b - a +0 leather armour (worn)
 c - a +1 hat (worn)
 s - a +0 cloak (worn)
Jewellery
 i - a ring of protection from cold (left hand)
 p - an uncursed ring of wizardry
 q - a ring of resist corrosion (right hand)
 w - a -4 ring of intelligence
Wands
 g - a wand of acid (2)
 k - a wand of digging (15)
 n - a wand of enslavement (12)
 r - a wand of flame (19)
 t - a wand of random effects (34)
 u - a wand of disintegration (11)
Scrolls
 e - 5 scrolls of identify
 j - a scroll of magic mapping
 o - 2 scrolls of teleportation
Potions
 h - 3 potions of might
 l - 2 potions of curing
 m - a potion of flight
 x - a potion of haste
Comestibles
 f - 8 rations


   Skills:
 + Level 9.1 Fighting
 - Level 14.0 Staves
 - Level 2.0 Throwing
 + Level 8.7 Dodging


You had 9 spell levels left.
You didn't know any spells.
Your spell library contained the following spells:

 Spells                   Type           Power        Failure   Level  Hunger
 Animate Skeleton         Necr           N/A          50%         1    ##.....
 Pain                     Necr           #...         50%         1    ##.....
 Summon Small Mammal      Summ           #...         50%         1    ##.....
 Call Imp                 Summ           #.......     63%         2    ###....
 Call Canine Familiar     Summ           #.......     86%         3    ####...
 Summon Guardian Golem    Hex/Summ       #.......     86%         3    ####...
 Vampiric Draining        Necr           #.........   86%         3    ####...
 Animate Dead             Necr           N/A          99%         4    #####..
 Summon Ice Beast         Ice/Summ       #.......     99%         4    #####..
 Summon Lightning Spire   Summ/Air       #.......     99%         4    #####..
 Agony                    Necr           #.......     100%        5    ######.


Dungeon Overview and Level Annotations

Branches:
Dungeon (9/15)             Temple (1/1) D:5
   Lair: D:8-11         Orc: D:9-12

Altars:
Dithmenos
Elyvilon
Fedhas
Nemelex Xobeh
Okawaru
Qazlal
Ru
Sif Muna
Trog
Uskayaw
Vehumet
Wu Jian
Yredelemnul
Zin


Innate Abilities, Weirdness & Mutations

You reflexively headbutt those who attack you in melee.
You have a pair of horns on your head.


Message History

The bolt of electricity hits you!
* * * LOW HITPOINT WARNING * * *
The bolt of electricity hits the electric eel.
The electric eel completely resists.
The bolt of electricity hits the plant!
Okay, then.
Unknown command.
Unknown command.
Okay, then.
Unknown command.
A red film seems to cover your vision as you go berserk!
You feel yourself moving faster!
You feel mighty!
You are starving!
The electric eel shoots out a bolt of lightning at you!
The bolt of electricity misses you.
The electric eel shoots out a bolt of lightning at you!
The bolt of electricity hits the electric eel.
The electric eel completely resists.
The bolt of electricity hits you!
* * * LOW HITPOINT WARNING * * *
The bolt of electricity hits you!
You die...

#####....## ###
..........#######+## #..
........#..........###..
....≈≈≈.#..........'.#..
..≈≈≈≈P.#..........#.#..
≈P≈PP≈≈.#..........#.#..
≈≈≈≈≈≈≈.[+.........#....
≈≈≈P≈P;.#..........###..
≈≈≈P≈;;@.#.........# #..
≈≈≈≈≈≈;♣.#.######### ###
≈≈≈≈≈P≈♣.#.#
≈≈≈≈≈≈P♣.#.#
≈≈≈≈≈≈♣♣.#.# ≈≈≈≈P≈ ♣.#
≈≈≈≈♣♣ ♣.# P≈≈♣ ♣.# #.#


You could see 4 electric eels.

Vanquished Creatures
  A centaur warrior (D:8)
  A cyclops (D:8)
  A human (D:8)
  5 orc warriors
  3 ogres
  3 sky beasts
  2 necrophages (D:7)
  4 centaurs
  2 phantoms
  Blork the orc (D:7)
  3 bullfrogs
  A gnoll sergeant (D:9)
  A water moccasin skeleton (D:8)
  3 scorpions
  9 wights
  5 killer bees (D:8)
  A howler monkey (D:6)
  An electric eel (D:9)
  5 crimson imps
  2 hounds
  2 centaur zombies
  2 centaur skeletons (D:7)
  A bullfrog skeleton (D:9)
  3 jellies
  7 orc priests
  13 orc wizards
  Ijyb (D:5)
  2 iguanas
  5 worker ants
  2 hound skeletons
  A howler monkey zombie (D:6)
  14 adders
  10 gnolls
  A shadow imp (D:8)
  3 oozes
  2 adder skeletons
  A worm (D:5)
  3 dart slugs
  4 leopard geckos
  28 orcs
  6 bats
  5 giant cockroaches
  13 goblins
  15 hobgoblins
  2 jackals (D:2)
  4 kobolds
  2 quokkas
  5 frilled lizards
  2 jackal zombies
  A quokka skeleton (D:5)
  9 rats
  A spectral orc (D:7)
224 creatures vanquished.

Notes
Turn   | Place    | Note
-------+----------+-------------------------------------------
     0 | D:1      | Curus the Minotaur Gladiator began the quest for the Orb.
     0 | D:1      | Reached XP level 1. HP: 18/18 MP: 0/0
    91 | D:1      | Reached skill level 4 in Staves
   102 | D:1      | Reached XP level 2. HP: 12/25 MP: 1/1
   428 | D:1      | Reached skill level 5 in Staves
   465 | D:1      | Reached XP level 3. HP: 30/30 MP: 2/2
  1149 | D:2      | Reached skill level 6 in Staves
  1149 | D:2      | Reached XP level 4. HP: 32/37 MP: 3/3
  2490 | D:3      | Noticed a centaur
  2499 | D:3      | Killed a centaur
  2499 | D:3      | Reached skill level 7 in Staves
  2499 | D:3      | Reached XP level 5. HP: 25/42 MP: 4/4
  3061 | D:4      | Reached skill level 8 in Staves
  3067 | D:4      | Reached XP level 6. HP: 39/50 MP: 5/5
  4157 | D:5      | Entered Level 5 of the Dungeon
  4195 | D:5      | Reached skill level 9 in Staves
  4364 | D:5      | Noticed a sky beast
  4369 | D:5      | Killed a sky beast
  4369 | D:5      | Reached XP level 7. HP: 53/56 MP: 6/6
  4553 | D:5      | Found a staircase to the Ecumenical Temple.
  4555 | D:5      | Noticed Ijyb
  4563 | D:5      | Killed Ijyb
  4563 | D:5      | Reached skill level 10 in Staves
  4575 | Temple   | Entered the Ecumenical Temple
  4619 | Temple   | Became a worshipper of Trog the Wrathful
  5054 | D:5      | Found an iron altar of Okawaru.
  5171 | D:5      | Reached skill level 11 in Staves
  5422 | D:5      | Reached XP level 8. HP: 50/62 MP: 7/7
  5888 | D:6      | Reached * piety under Trog
  5915 | D:6      | Reached skill level 12 in Staves
  6738 | D:6      | Reached skill level 13 in Staves
  7227 | D:7      | Found a shadowy altar of Dithmenos.
  7838 | D:7      | Reached XP level 9. HP: 42/67 MP: 8/8
  7844 | D:7      | Reached ** piety under Trog
  8142 | D:7      | Reached skill level 14 in Staves
  8519 | D:7      | Found a basalt altar of Yredelemnul.
  8648 | D:7      | Found a white marble altar of Elyvilon.
  8809 | D:7      | Noticed Blork the orc
  8817 | D:7      | Found a shimmering blue altar of Sif Muna.
  8836 | D:7      | Killed Blork the orc
  9003 | D:8      | Reached skill level 5 in Dodging
  9011 | D:8      | Reached skill level 5 in Fighting
  9677 | D:8      | Reached *** piety under Trog
  9746 | D:8      | HP: 4/115 [orc warrior/+0 halberd (13)]
  9762 | D:8      | HP: 3/78 [orc warrior/+0 dire flail (11)]
 10321 | D:8      | Noticed a centaur warrior
 10322 | D:8      | Noticed a cyclops
 10325 | D:8      | Killed a centaur warrior
 10325 | D:8      | Reached XP level 10. HP: 62/88 MP: 9/9
 10332 | D:8      | Killed a cyclops
 11263 | D:9      | Found an ornate altar of the Wu Jian Council.
 11972 | D:9      | HP: 2/136 [electric eel/bolt of electricity (13)]
 11972 | D:9      | Killed from afar by an electric eel

Illustrated notes

Levels and vault maps discovered:
D:1:      eino_arrival_cavern_a, layout_basic, minivault_26
D:2:      cheibrodos_helix_gallery, layout_basic, first_ration,
          minmay_tromino_v7
D:3:      layout_basic
D:4:      layout_basic
D:5:      layout_loops_ring, minmay_temple_entry_grid,
          okawaru_altar_gauntlet_db, uniq_ijyb
D:6:      layout_basic
D:7:      layout_loops_ring, marbit_many_paths, tgw_sif, old_standard_altar,
          yredelemnul_forgotten_temple_becter, serial_co_window_serial,
          co_window_of_opportunity_a, co_window_cross_1, co_window_paths_b,
          co_window_cross_1, co_window_paths_a, co_window_2corner,
          co_window_corner_b, co_window_broadway_a, glass_columns_c,
          glass_columns_b, glass_columns_a
D:8:      minmay_cornered_nines, layout_basic, grunt_pizzeria
D:9:      layout_roguey, old_standard_altar, serial_bayou, serial_bayou_shore_a,
          serial_bayou_shore_b, serial_bayou_pond_d, serial_bayou_pond_c,
          gammafunk_ghost_berserking_beasts, corexii_hall_statues_i,
          corner_web_ring
Temple:   minmay_crystal_spiral_temple

Skill      XL: |  1  2  3  4  5  6  7  8  9 10 |
---------------+-------------------------------+-----
Staves         | 4 5 6 7 8 9 11 13 14 | 14.0
Fighting       | 7 9 |  9.1
Dodging        | 7 8 |  8.7
Throwing       | |  2.0

Action                   |  1- 3 |  4- 6 |  7- 9 | 10-12 || total
-------------------------+-------+-------+-------+-------++-------
Melee: Quarterstaff      |    51 |   132 |   410 |    67 ||   660
       Headbutt          |     8 |    17 |    49 |     7 ||    81
Invok: Berserk           |       |       |     3 |     2 ||     5
       Trog's Hand       |       |       |     1 |     1 ||     2
Evoke: Wand              |       |     1 |     1 |       ||     2
  Use: Potion            |     2 |     4 |     5 |     1 ||    12
       Scroll            |     5 |     4 |     3 |     2 ||    14
  Eat: Chunk             |     1 |     6 |    15 |     5 ||    27
       Ration            |       |     1 |     2 |       ||     3
Armor: Leather armour    |    10 |    20 |    39 |     5 ||    74
Dodge: Dodged            |    22 |    59 |   151 |    34 ||   266
